 Dungeon Crawl Stone Soup version 0.13.0-13-g27bfa31 (webtiles) character file.

126 MackTheKnife the Caller (level 3, -2/24 HPs)
             Began as a Merfolk Summoner on Oct 19, 2013.
             Slain by an adder (4 damage)
             ... on Level 3 of the Dungeon.
             The game lasted 00:05:11 (2448 turns).

MackTheKnife the Caller (Merfolk Summoner)          Turns: 2448, Time: 00:05:13

HP  -2/24        AC  4     Str 13      XL: 3   Next: 81%
MP   2/6         EV 13     Int 14      God:
Gold 75          SH  0     Dex 15      Spells:  2 memorised,  3 levels left

Res.Fire  : . . .   See Invis. : .   k - +0,+1 orc short sword
Res.Cold  : . . .   Warding    : .   g - +0 leather armour (curse)
Life Prot.: . . .   Conserve   : .   (no shield)
Res.Poison: .       Res.Corr.  : .   (no helmet)
Res.Elec. : .       Clarity    : .   j - +0 cloak
Sust.Abil.: . .     Spirit.Shd : .   (no gloves)
Res.Mut.  : .       Stasis     : .   (no boots)
Res.Rott. : .       Flight     : +   (no amulet)
Saprovore : . . .                    (no ring)
                                     (no ring)

@: mighty, flying, not resistant to hostile enchantments, fairly stealthy
A: change form in water, swift swim
a: no special abilities


You were on level 3 of the Dungeon.
You were not hungry.

You visited 1 branch of the dungeon, and saw 3 of its levels.

You collected 55 gold pieces.

Inventory:

Hand weapons
 k - a +0,+1 orcish short sword (weapon)
Missiles
 w - 2 poisoned darts (quivered)
Armour
 a - a +0 robe
 g - a cursed +0 leather armour (worn)
 j - a +0 cloak (worn)
Comestibles
 c - 4 bread rations
 i - a snozzcumber
 o - 2 apples
 p - a meat ration
 r - 7 sultanas
 v - a slice of pizza
Scrolls
 d - a scroll of enchant armour {unknown}
 f - a scroll of remove curse {unknown}
 h - 5 scrolls of noise {unknown}
 l - a scroll of teleportation {unknown}
 m - 2 scrolls of identify {unknown}
 s - a scroll of curse armour {unknown}
 u - a scroll of curse weapon {unknown}
Potions
 n - 3 potions of flight
 q - a potion of curing {unknown}
 t - a potion of resistance {unknown}
Books
 b - a book of Callings

   Spells                             Type                      Level
   *Summon Small Mammal               Summoning                    1
   *Call Imp                          Summoning                    2
   Call Canine Familiar               Summoning                    3
   Summon Scorpions                   Summoning/Poison             4
   Summon Ice Beast                   Ice/Summoning                4


   Skills:
 + Level 3.8 Dodging
 - Level 2.1 Stealth
 + Level 2.0 Spellcasting
 + Level 4.4 Summonings


You had 3 spell levels left.
You knew the following spells:

 Your Spells              Type           Power        Failure   Level  Hunger
a - Summon Small Mammal   Summ           ##..         4%          1    ##.....
b - Call Imp              Summ           ##........   10%         2    ###....


Dungeon Overview and Level Annotations

Branches:
Dungeon (3/27)

Altars:


Message History

You hit the adder.
The adder is almost dead.
Your crimson imp blinks!
The orc priest mumbles some strange prayers to Beogh against you.
Something smites you!
* * * LOW HITPOINT WARNING * * *
The adder barely misses you.
Drink which item? (? for menu, Esc to quit)
You feel very buoyant.
You fly up into the air.
It was a potion of flight.
The adder bites you.
* * * LOW HITPOINT WARNING * * *
Drink which item? (? for menu, Esc to quit)
You feel very mighty all of a sudden.
It was a potion of might.
* * * LOW HITPOINT WARNING * * *
You feel sick.
You feel better. The adder bites you but does no damage.
The orc closely misses you. The adder bites you.
You die...

.............
#....#........#
#.............#
..............#
.###..#.......####
........<.........
..#.#.#..#........
....o......5...####
....#.#.@#.........
......(.So[........
...#....o.%........
.....5.........#.##
..........%.o......#
...(.##.#o.#...#....
.........%........#
.#...#.#...#......#
..#.#...#.#.......#


You could see an orc priest, an adder, 4 orcs and 2 friendly crimson imps.

Vanquished Creatures
  6 bats
  A giant cockroach (D:2)
  4 hobgoblins
  3 jackals
  A giant gecko (D:1)
  2 giant newts (D:1)
  4 goblins
  A kobold (D:2)
  10 rats
32 creatures vanquished.

Vanquished Creatures (collateral kills)
  An adder (D:2)
  2 orcs
  2 giant cockroaches
  3 jackals
  2 giant newts (D:2)
  A goblin (D:1)
  2 kobolds
  A rat (D:2)
14 creatures vanquished.

Vanquished Creatures (others)
  A bat (D:1)
  A rat (D:1)
2 creatures vanquished.

Grand Total: 48 creatures vanquished

Notes
Turn   | Place    | Note
--------------------------------------------------------------
     0 | D:1      | MackTheKnife, the Merfolk Summoner, began the quest for the Orb.
     0 | D:1      | Reached XP level 1. HP: 13/13 MP: 3/3
   682 | D:1      | Reached XP level 2. HP: 19/19 MP: 1/4
   686 | D:1      | Learned a level 2 spell: Call Imp
  1411 | D:2      | Reached XP level 3. HP: 22/24 MP: 3/6
  2448 | D:3      | Slain by an adder

Action                   || total
-------------------------++-------
Melee: Unarmed           ||    24
       Short sword       ||   113
 Cast: Summon Small Mamm ||    11
       Call Imp          ||    22
  Use: Potion            ||     2
 Stab: Distracted        ||     1
